 Dungeon Crawl Stone Soup version 0.19-a0-944-gb338e1e (webtiles) character file.

13052 FrankyJ the Fighter (level 12, -1/80 HPs)
             Began as a Gargoyle Gladiator on July 9, 2016.
             Was a High Priest of Okawaru.
             Slain by a water moccasin (7 damage)
             ... on level 3 of the Lair of Beasts.
             The game lasted 00:40:52 (15441 turns).

FrankyJ the Fighter (Gargoyle Gladiator)           Turns: 15441, Time: 00:40:53

Health: -1/80      AC: 25    Str: 25    XL:     12   Next: 2%
Magic:  10/12      EV: 18    Int: 13    God:    Okawaru [*****.]
Gold:   731        SH:  0    Dex: 10    Spells: 0 memorised, 11 levels left

rFire  . . .     SeeInvis .     O - +9 staff of Olgreb {rPois}
rCold  . . .     Gourm    .     x - +1 ring mail
rNeg   + . .     Faith    .     (no shield)
rPois  ∞         Spirit   .     p - +2 helmet
rElec  +         Dismiss  .     G - +2 cloak
rCorr  .         Reflect  .     (no gloves)
SustAt .         Harm     .     (no boots)
MR     +....                    C - amulet of rage
Stlth  ++........               (no ring)
                                r - +4 ring of evasion

@: mighty, exhausted, heroism, slowed, studying Axes, very slow, somewhat
resistant to hostile enchantments, unstealthy
A: magic resistance 1, mutation resistance 1, negative energy resistance 1,
electricity resistance, unbreathing, petrification resistance, rot immunity, AC
+8
a: Heroism, Finesse, Renounce Religion, Evoke Berserk Rage


You were on level 3 of the Lair of Beasts.
You worshipped Okawaru.
Okawaru was extremely pleased with you.
You were not hungry.

You visited 2 branches of the dungeon, and saw 12 of its levels.
You also visited: Ossuary.

You collected 731 gold pieces.

Inventory:

Hand Weapons
 w - a +6 whip
 E - a +2 flail of holy wrath
 J - a +2 dagger of venom
 O - the +9 staff of Olgreb (weapon) {rPois}
   (You found it on level 8 of the Dungeon)

   It protects you from poison.
 S - a +4 morningstar
 Y - a +2 great mace of crushing
Missiles
 d - 2 throwing nets
 i - 7 javelins
 s - 6 curare-tipped needles
 M - 15 poisoned javelins (quivered)
Armour
 p - a +2 helmet (worn)
 t - a +0 pair of gloves of strength
 x - a +1 ring mail (worn)
 G - a +2 cloak (worn)
 Z - a +1 cloak of magic resistance
Jewellery
 l - an uncursed ring of poison resistance {unknown}
 r - a +4 ring of evasion (left hand)
 A - an uncursed ring of see invisible {unknown}
 C - an amulet of rage (around neck)
 P - an uncursed ring of magical power {unknown}
 Q - an uncursed ring of wizardry {unknown}
 W - an uncursed amulet of the gourmand {unknown}
Wands
 c - a wand of iceblast (10/15)
 H - a wand of confusion (36/48)
 N - a wand of lightning (15/15)
 V - a wand of disintegration (12/24)
 X - a wand of iceblast (5/15)
Scrolls
 b - 3 scrolls of blinking
 j - 9 scrolls of identify
 k - 3 scrolls of teleportation
 o - 3 scrolls of recharging
 v - 4 scrolls of magic mapping
 y - a scroll of silence {unknown}
 z - 3 scrolls of fog
 I - 7 scrolls of remove curse
 L - 2 scrolls of amnesia
Potions
 e - 2 potions of agility
 g - 2 potions of haste
 m - 2 potions of brilliance
 n - a potion of might
 u - a potion of cancellation
 D - 2 potions of curing
 K - 2 potions of resistance
 R - 2 potions of heal wounds
Books
 h - a manual of Axes
 B - a Necronomicon

   Spells                             Type                      Level
   a - Haunt                          Necromancy/Summoning         7
   b - Borgnjor's Revivification      Necromancy                   8
   c - Death's Door                   Charms/Necromancy            8
   d - Infestation                    Necromancy                   8
   e - Necromutation                  Transmutation/Necromancy     8
Comestibles
 a - 2 slices of pizza
 f - 13 bread rations
 q - 5 fruits
 F - 4 meat rations
 T - 9 royal jellies
 U - 5 beef jerkies


   Skills:
 + Level 11.3(16.3) Fighting
 - Level 6.7(13.8) Maces & Flails
 + Level 8.7(14.7) Staves
 - Level 6.0(11.0) Throwing
 - Level 10.8(15.8) Armour
 - Level 3.0(8.0) Dodging


You had 11 spell levels left.
You didn't know any spells.

Dungeon Overview and Level Annotations

Branches:
Dungeon (9/15)             Temple (0/1) D:7            Lair (3/6) D:9
    Orc (0/2) D:9
  Swamp: Lair:2-4    Shoals: Lair:2-4     Snake: Lair:2-4    Spider: Lair:2-4

Altars:
Ashenzari
Cheibriados
Hepliaklqana
Kikubaaqudgha
Nemelex Xobeh
Okawaru
Qazlal
Trog
Uskayaw
Xom
Yredelemnul

Annotations:
D:8 1 runed door


Innate Abilities, Weirdness & Mutations

You are resistant to torment.
Your stone body is resilient. (AC +8)
You are immune to poison.
You resist negative energy. (rN+)
You are resistant to electric shocks. (rElec)
You can survive without breathing.
You are immune to petrification.
You are immune to rotting.
You are resistant to hostile enchantments. (MR+)
You are somewhat resistant to further mutation.


Message History

A water moccasin comes into view.
The water moccasin hisses angrily.
You sock the wolf!
The wolf is poisoned.
The wolf is heavily wounded.
The water moccasin moves out of view.
The wolf misses you. The wolf bites you but does no damage.
You closely miss the wolf.
The wolf is severely wounded.
The wolf bites you but does no damage.
You hit the wolf.
The wolf looks even sicker.
The wolf is almost dead.
The wolf barely misses you. x2
You closely miss the wolf.
The wolf is almost dead.
The wolf barely misses you.
You sock the wolf!
You kill the wolf!
Okawaru accepts your kill. The water moccasin bites you!
You die...

♣...........♣ ♣...#.#
♣...........♣ ♣.#.#.## .
♣..##'''##..♣♣♣.....P#
#.. #⌠...⌠#..♣♣......##
....
#.....#...........#.....
#..<..#......#......P#
#.....#......#...##..#
#######..♣♣..PS..# ##
....♣♣♣.@P..## # .....♣
♣.#....# .# #
♣♣♣♣♣♣♣♣♣...#.##.#...
♣.............
♣.#....%.......
♣...#.#....#...
.P..............
....#.P...$..##=.
.............# .


You could see a water moccasin.

Vanquished Creatures
  2 hydras
  Pikel (D:9)
  A manticore (D:9)
  2 black mambas (Lair:2)
  2 spiny frogs (Lair:2)
  3 komodo dragons (Lair:1)
  2 rime drakes (Lair:2)
  6 yaks (Lair:2)
  3 wraiths
  A basilisk (Lair:2)
  2 hippogriffs (Lair:2)
  A hungry ghost (D:9)
  3 soldier ants
  8 swamp worms (Lair:2)
  5 water moccasins
  A porcupine (Lair:3)
  3 orc warriors
  A sky beast (D:6)
  A phantom (D:4)
  A wolf (Lair:3)
  A wasp (D:8)
  3 centaurs
  2 crocodiles
  2 big kobolds
  An elf skeleton (D:8)
  A wyvern zombie (D:6)
  8 giant frogs
  A wyvern skeleton (D:8)
  3 scorpions
  6 killer bees (D:8)
  7 wights
  2 electric eels (Lair:1)
  A howler monkey (D:9)
  A crimson imp (D:6)
  2 giant frog zombies (D:6)
  6 hounds
  A quasit (D:7)
  3 human zombies (D:8)
  3 jellies
  3 orc priests
  3 giant frog skeletons
  Natasha (thrice) (D:3)
  2 human skeletons (D:8)
  3 iguanas (Lair:2)
  A hell rat (D:9)
  9 orc wizards
  11 worker ants
  A hound zombie (D:8)
  12 gnolls
  A howler monkey skeleton (D:5)
  17 adders
  10 river rats (Lair:2)
  A shadow imp (D:6)
  An ooze (D:4)
  12 worms
  4 adder zombies
  A dart slug (D:1)
  8 giant geckos
  27 orcs
  2 ball pythons
  3 giant cockroaches
  11 goblins
  4 hobgoblins
  5 jackals
  23 kobolds
  6 quokkas
  A ball python skeleton (Ossuary)
  4 bats
  7 giant newts
  A hobgoblin skeleton (Ossuary)
  A jackal skeleton (D:4)
  A kobold zombie (Ossuary)
  3 orc skeletons (Ossuary)
  An orc zombie (D:8)
  A quokka skeleton (D:6)
  7 rats
314 creatures vanquished.

Vanquished Creatures (others)
  A black bear (D:9)
  An orc (D:9)
  A fungus (Lair:2)
  5 plants
8 creatures vanquished.

Grand Total: 322 creatures vanquished

Notes
Turn   | Place    | Note
-------+----------+-------------------------------------------
     0 | D:1      | FrankyJ the Gargoyle Gladiator began the quest for the Orb.
     0 | D:1      | Reached XP level 1. HP: 12/12 MP: 1/1
    91 | D:1      | Reached XP level 2. HP: 11/17 MP: 2/2
   857 | D:2      | Reached XP level 3. HP: 22/22 MP: 3/3
   919 | D:2      | Found an iron altar of Okawaru.
   925 | D:2      | Became a worshipper of Warmaster Okawaru
  1322 | D:2      | Found a hide-covered altar of Uskayaw.
  1328 | D:2      | Reached skill level 3 in Fighting
  1369 | D:2      | Reached XP level 4. HP: 28/28 MP: 4/4
  1635 | D:2      | Reached skill level 1 in Armour
  2016 | D:3      | Noticed Natasha
  2028 | D:3      | Killed Natasha
  2105 | D:3      | Noticed Natasha
  2128 | D:3      | Killed Natasha
  2128 | D:3      | Reached XP level 5. HP: 23/33 MP: 5/5
  2249 | D:3      | Noticed Natasha
  2255 | D:3      | Killed Natasha
  2255 | D:3      | Reached skill level 4 in Fighting
  2859 | D:4      | Reached XP level 6. HP: 35/39 MP: 6/6
  3051 | D:4      | Reached * piety under Okawaru
  3458 | D:4      | Reached skill level 5 in Fighting
  3622 | D:4      | Reached XP level 7. HP: 10/44 MP: 7/7
  4149 | D:5      | Entered Level 5 of the Dungeon
  4340 | D:5      | Reached skill level 6 in Fighting
  4636 | D:6      | Reached ** piety under Okawaru
  4648 | D:6      | Reached XP level 8. HP: 31/51 MP: 8/8
  4793 | D:6      | Found a bloodstained altar of Trog.
  4798 | D:6      | Found a snail-covered altar of Cheibriados.
  4801 | D:6      | Found a shimmering altar of Xom.
  4999 | D:6      | Found a shattered altar of Ashenzari.
  5112 | D:6      | Reached skill level 5 in Maces & Flails
  5437 | D:6      | Reached skill level 7 in Fighting
  5925 | D:7      | Found a staircase to the Ecumenical Temple.
  5949 | D:7      | Reached skill level 5 in Armour
  6252 | D:7      | Reached *** piety under Okawaru
  6252 | D:7      | Reached XP level 9. HP: 53/59 MP: 9/9
  6492 | D:7      | Reached skill level 8 in Fighting
  6580 | D:7      | HP: 4/88 [orc warrior/trident (8)]
  7304 | D:7      | Found a stormy altar of Qazlal.
  7353 | D:7      | Reached skill level 5 in Throwing
  7372 | D:7      | Found an ancient bone altar of Kikubaaqudgha.
  7648 | D:8      | Found a sand-covered staircase.
  7669 | Ossuary  | Entered an ossuary
  8092 | D:8      | Reached skill level 9 in Fighting
  8115 | D:8      | Found a shattered altar of Ashenzari.
  8152 | D:8      | Found a sparkling altar of Nemelex Xobeh.
  8163 | D:8      | Found a runed door.
  8166 | D:8      | Found a runed gate.
  8178 | D:8      | Found a runed gate.
  8185 | D:8      | Found a runed door.
  8253 | D:8      | Found a runed gate.
  8378 | D:7      | Reached **** piety under Okawaru
  8702 | D:8      | Identified a scroll of acquirement
  8879 | D:8      | Reached XP level 10. HP: 66/67 MP: 10/10
  9111 | D:8      | Reached skill level 10 in Fighting
  9474 | D:8      | Reached skill level 1 in Staves
  9656 | D:8      | Found a basalt altar of Yredelemnul.
 10174 | D:9      | Found a staircase to the Lair.
 10216 | D:9      | Noticed Pikel
 10249 | D:9      | Received a gift from Okawaru
 10257 | D:9      | Killed Pikel
 10453 | D:9      | Found a staircase to the Orcish Mines.
 10503 | D:9      | Found a hazy altar of Hepliaklqana.
 10833 | D:9      | Noticed a manticore
 10849 | D:9      | Killed a manticore
 10849 | D:9      | Reached ***** piety under Okawaru
 11485 | Lair:1   | Entered Level 1 of the Lair of Beasts
 11502 | Lair:1   | Reached skill level 5 in Staves
 11822 | Lair:1   | Reached XP level 11. HP: 67/72 MP: 11/11
 11868 | Lair:1   | Received a gift from Okawaru
 12670 | Lair:2   | Reached skill level 10 in Armour
 12854 | Lair:2   | Noticed a six-headed hydra
 12865 | Lair:2   | Killed a six-headed hydra
 13027 | Lair:2   | Gained mutation: You are somewhat resistant to further mutation. [potion of mutation]
 13027 | Lair:2   | Gained mutation: You are resistant to hostile enchantments. (MR+) [potion of mutation]
 13263 | Lair:2   | Received a gift from Okawaru
 15299 | Lair:2   | Reached skill level 11 in Fighting
 15405 | Lair:3   | Noticed an eight-headed hydra
 15421 | Lair:3   | Killed an eight-headed hydra
 15421 | Lair:3   | Received a gift from Okawaru
 15421 | Lair:3   | Reached XP level 12. HP: 9/80 MP: 12/12
 15441 | Lair:3   | Slain by a water moccasin

Vault maps used:
D:1:      dpeg_arrival_rhombus, minivault_23, fountainhead
D:2:      okawaru_ov_weapons_minmay, eat_drink_and_be_merry_uskayaw
D:3:      first_bread, uniq_natasha
D:5:      kennysheep_mini, kennysheep_little_box, saegor_snake_ambush
D:6:      grunt_temple_overflow_diamond, evilmike_ruin_ashenzari
D:7:      kiku_gazebo_garden_becter, grunt_qazlal_sundering
D:8:      lemuel_crystal_altar, kennysheep_mini_moat,
          lemuel_mausoleum_altar_yredelemnul,
          nicolae_ossuary_entry_false_entrances, hangedman_pestilent_swarm,
          minmay_guarded_unrand_staff_of_olgreb
D:9:      lemuel_doored_altar, dpeg_lair_monsters, orc_0_dummy,
          kennysheep_flooded_box, uniq_pikel
Lair:1:   serial_bayou_shore_a
Lair:2:   worms_lemuel, grunt_megastairs_3
Lair:3:   dummy_snake_entry, beast_lair_carwin_6, bh_autumn_forest_stairs
Ossuary:  ossuary_due_cavern

Skill      XL: |  1  2  3  4  5  6  7  8  9 10 11 |
---------------+----------------------------------+-----
Throwing       | 2 3 4 5 6 |  6.0
Fighting       | 3 4 5 6 7 9 10 11 | 11.3
Armour         | 1 2 3 5 6 9 10 | 10.8
Dodging        | 3 |  3.0
Maces & Flails | 4 5 6 |  6.7
Staves         | 5 8 |  8.7

Action                   |  1- 3 |  4- 6 |  7- 9 | 10-12 || total
-------------------------+-------+-------+-------+-------++-------
Melee: Flail             |   106 |   230 |       |       ||   336
       Whip              |       |    45 |   580 |   274 ||   899
       Punch             |       |       |     1 |       ||     1
       Morningstar       |       |       |       |   130 ||   130
       Staff             |       |       |       |   238 ||   238
       Great mace        |       |       |       |    50 ||    50
Throw: Throwing net      |       |       |     2 |       ||     2
       Javelin           |       |       |    12 |     4 ||    16
Invok: Heroism           |       |       |     1 |     2 ||     3
 Abil: Evoke Berserk Rag |       |       |     3 |     3 ||     6
  Use: Scroll            |       |     8 |     5 |     9 ||    22
       Potion            |       |       |     5 |    13 ||    18
  Eat: Chunk             |     2 |     7 |    14 |    18 ||    41
       Bread ration      |       |       |     1 |       ||     1
       Pizza             |       |       |     1 |       ||     1
       Fruit             |       |       |       |    10 ||    10
Armor: Leather armour    |    41 |   133 |       |       ||   174
       Ring mail         |       |    11 |   227 |   351 ||   589
Dodge: Dodged            |    81 |   284 |   414 |   678 ||  1457
